 Dungeon Crawl Stone Soup version 0.31-a0-187-gba352fbbf7 (webtiles) character file.

Game seed: 2162075860413349274

28588 Gorgondantess the Destroyer (level 13, -5/64 HPs)
             Began as a Tengu Fire Elementalist on June 22, 2023.
             Was a High Priest of Hepliaklqana.
             Slain by a minotaur
             ... wielding a +0 eveningstar
              (28 damage)
             ... in a Gauntlet.
             The game lasted 00:52:56 (15675 turns).

Gorgondantess the Destroyer (TeFE)                 Turns: 15675, Time: 00:52:57

Health: -5/64      AC: 11    Str:  8    XL:     13   Next: 39%
Magic:  9/25       EV: 20    Int: 21    God:    Hepliaklqana [*****.]
Gold:   1008       SH:  6    Dex: 15    Spells: 13/26 levels left

rFire   . . .        l - +3 falchion (vamp)
rCold   . . .        U - +0 buckler
rNeg    . . .        S - +0 troll leather armour
rPois   +            O - +1 hat
rElec   .            m - +0 cloak {rPois}
rCorr   .            (no gloves)
SInv    .            (boots unavailable)
Will    .....        J - amulet of the acrobat
Stlth   +++          g - +5 ring of evasion
HPRegen 1.10/turn    r - +4 ring of protection
MPRegen 0.19/turn

%: no teleportation, acrobat
@: flying quickly and evasively, studying Shields, invisible, quick
A: reduced essence, beak, talons 3, nimble flight
a: Renounce Religion, Recall Ancestor, Ancestor Identity, Transference, Idealise


You were in a Gauntlet.
You worshipped Hepliaklqana.
Hepliaklqana was extremely pleased with you.
You visited 4 branches of the dungeon, and saw 15 of its levels.
You also visited: Ossuary, Bailey and Gauntlet.

You collected 1383 gold pieces.
You spent 375 gold pieces at shops.

Inventory:

Hand Weapons
 l - a +3 vampiric falchion (weapon)
 H - a +2 whip of electrocution
 T - a +3 trident of freezing
Missiles
 W - 2 curare-tipped darts
Armour
 f - a scarf of shadows
 m - a +0 cloak of poison resistance (worn)
 w - the +5 plate armour of Fun {rElec rF+ rCorr}
   (You found it on level 6 of the Dungeon)

   rF:        It protects you from fire.
   rElec:     It insulates you from electricity.
   rCorr:     It protects you from acid and corrosion.
 y - a +1 ring mail of cold resistance
 I - an orb of light
 K - +0 steam dragon scales
 O - a +1 hat (worn)
 R - a scarf of repulsion
 S - a +0 troll leather armour (worn)
 U - a +0 buckler (worn)
 Z - the +0 cloak of Hairiness {Int+3}
   (You found it in a Gauntlet)

   Int:       It affects your intelligence (+3).
Magical Staves
 Q - the staff "Voysiod" {rElec Int+4 Stlth+ Tloc Air}
   (You acquired it on level 10 of the Dungeon)

   [staff of air]

   Base accuracy: +5 Base damage: 5 Base attack delay: 1.2 This weapon's minimum
   attack delay (0.6) is reached at skill level 12.
   Int:       It affects your intelligence (+4).
   rElec:     It insulates you from electricity.
   Tloc:      It increases the power of your Translocations spells.
   Air:       It increases the power of your Air spells.
   Stlth:     It makes you more stealthy.
   It falls into the 'Staves' category.
   It is a one-handed weapon.
Jewellery
 g - a +5 ring of evasion (left hand)
 p - the ring "Xexzaluq" {rF+ rC+ rN++ Int+2}
   (You found it in a bailey)

   [ring of protection from cold]

   Int:       It affects your intelligence (+2).
   rF:        It protects you from fire.
   rC:        It protects you from cold.
   rN:        It greatly protects you from negative energy.
 r - a +4 ring of protection (right hand)
 F - a ring of wizardry
 J - an amulet of the acrobat (around neck)
 X - the ring "Ofoaq" {Drain rC+ Str+2 SInv}
   (You found it in a Gauntlet)

   [ring of protection from cold]

   Str:       It affects your strength (+2).
   rC:        It protects you from cold.
   SInv:      It lets you see invisible.
   Drain:     It drains your maximum health when unequipped.
Wands
 h - a wand of paralysis (28)
 o - a wand of mindburst (10)
 B - a wand of roots (12)
 V - a wand of flame (6)
Scrolls
 c - 12 scrolls of teleportation
 d - a scroll of fog {unknown}
 q - 2 scrolls of fear {unknown}
 s - a scroll of brand weapon {unknown}
 t - 2 scrolls of amnesia {unknown}
 x - 2 scrolls of blinking
 A - a scroll of enchant weapon
 G - a scroll of acquirement
 M - a scroll of vulnerability {unknown}
 P - 2 scrolls of butterflies
Potions
 b - 3 potions of magic
 e - 2 potions of heal wounds
 j - a potion of enlightenment
 k - 6 potions of might
 n - 5 potions of curing
 u - 3 potions of ambrosia
 z - 3 potions of haste
 C - 3 potions of berserk rage
 D - a potion of resistance
 L - a potion of cancellation {unknown}
 Y - a potion of mutation
Miscellaneous
 a - a tin of tremorstones (2/2)


   Skills:
 - Level 4.4 Fighting
 - Level 5.1 Armour
 - Level 5.6 Dodging
 - Level 4.8 Stealth
 * Level 8.7 Shields
 + Level 7.4 Spellcasting
 + Level 12.1 Conjurations
 + Level 9.2 Summonings
 + Level 11.3 Fire Magic
 + Level 9.8 Air Magic
 - Level 3.0 Invocations
 - Level 4.0 Evocations


You had 13 spell levels left.
You knew the following spells:

 Your Spells              Type           Power      Damage    Failure   Level
a - Foxfire               Conj/Fire      100%       2x1d9     1%          1
b - Scorch                Fire           100%       2d9       1%          2
c - Call Canine Familiar  Summ           46%        N/A       1%          3
d - Mephitic Cloud        Conj/Pois/Air  38%        N/A       2%          3
e - Flame Wave            Conj/Fire      54%        2d13      1%          4

Your spell library contained the following spells:

 Spells                   Type           Power      Damage    Failure   Level
 Magic Dart               Conj           100%       1d8       1%          1
 Summon Small Mammal      Summ           100%       N/A       1%          1
 Call Imp                 Summ           92%        N/A       1%          2
 Sticky Flame             Conj/Fire      54%        2d7       1%          4
 Hailstorm                Conj/Ice       33%        3d8       4%          3
 Inner Flame              Hex/Fire       31%        N/A       4%          3
 Volatile Blastmotes      Fire/Tloc      62%        2d15      4%          3
 Summon Guardian Golem    Hex/Summ       27%        N/A       8%          3
 Ignite Poison            Fire/Tmut/Pois 23%        N/A       11%         3
 Freeze                   Ice            28%        1d5       16%         1
 Frozen Ramparts          Ice            14%        1d3       43%         3
 Gell's Gravitas          Tloc           7%         N/A       43%         3
 Teleport Other           Tloc           7%         N/A       43%         3
 Dispersal                Tloc           3%         N/A       100%        6
 Malign Gateway           Summ/Tloc      13%        N/A       100%        7
 Ignition                 Fire           26%        3d9       100%        8
 Summon Horrible Things   Summ           23%        N/A       100%        8


Dungeon Overview and Level Annotations

Branches:
Dungeon (11/15)            Temple (1/1) D:5            Lair (1/5) D:10
    Orc (2/2) D:11            Elf (0/3) Orc:2       Ossuary (visited)
 Bailey (visited)         Gauntlet (1/1)

Altars:
Ashenzari
Cheibriados
Dithmenos
Elyvilon
Fedhas
Gozag
Hepliaklqana
Kikubaaqudgha
Makhleb
Nemelex Xobeh
Okawaru
Qazlal
Ru
Sif Muna
Trog
Uskayaw
Vehumet
Wu Jian
Xom
Yredelemnul
Zin
The Shining One

Shops:
D:9 !   Orc:2 :[(*

Annotations:
Orc:1 3 runed translucent doors, Ybuibof's ghost, journeyman DEHu Gauntlet 8 transporters, exclusion: obsidian statue


Innate Abilities, Weirdness & Mutations

Your life essence is reduced to manifest your ancestor. (-10% HP)
You have a beak for a mouth.
You have claws for feet.
Your magical nature lets you fly swiftly and evasively.


Message History

You stop channeling waves of flame.
Your wolf bites the minotaur but does no damage.
The minotaur blocks your wolf's attack.
The minotaur hits your wolf with a +0 eveningstar!!
Your wolf dies!
Your wolf's corpse disappears in a puff of smoke!
The minotaur bellows!
Unknown command.
Casting: Flame Wave (dangerous; 1% risk of failure)
Confirm with . or Enter, or press ? or * to list all spells.
Casting: Flame Wave (dangerous; 1% risk of failure)
Press: ? - help, Dir - look around, f - activate A wave of flame ripples out!
The flame wave engulfs the minotaur!
The minotaur is severely wounded. (Press . to intensify the flame waves.)
The minotaur hits you with a +0 eveningstar!!
You block the minotaur's attack.
Unknown command.
A wave of flame ripples out!
The flame wave engulfs the minotaur!
The minotaur is almost dead.
The minotaur is no longer more vulnerable to fire.
The minotaur completely misses you. x2
Unknown command.
Unknown command.
A wave of flame ripples out!
The flame wave engulfs the minotaur.
The minotaur resists.
The minotaur is almost dead.
You finish channelling waves of flame.
The minotaur completely misses you. The minotaur gores you!
Unknown command.
Casting: Flame Wave (dangerous; 1% risk of failure)
Confirm with . or Enter, or press ? or * to list all spells.
Casting: Flame Wave (dangerous; 1% risk of failure)
Press: ? - help, Dir - look around, f - activate A wave of flame ripples out!
The flame wave engulfs the minotaur.
The minotaur resists.
The minotaur is almost dead. (Press . to intensify the flame waves.)
The minotaur hits you with a +0 eveningstar!!
You die...

.........##..###.#
#######..#.... ...
#...###..#...#.#..
#...###.8#.©.#.#.#######
.##'.##..#...# ..#8.8[8}
.#©#.©#.∩#.©.###.'.H....
.'##.##..#...#...#
#...###.8#.©.#.#H#####
#...###..#...#.#@....#
#######..#..........8#
.........##..###.##.##
#######..###........#
##.#[!#..≈###########
.#..###..## ..##.##..≈
##©#.©# .#^.#


You could see a minotaur (unable to see you).

Vanquished Creatures
  A stone giant (Orc:2)
  An ettin (Orc:2)
  A two-headed ogre (D:11)
  Sonja (Lair:1)
  2 large abominations (Gauntlet)
  Pikel (D:8)
  An orc sorcerer (Orc:1)
  An orc knight (Orc:2)
  4 cyclopes (Orc:2)
  An unseen horror (D:11)
  A troll (D:11)
  A shadow (D:9)
  2 wyverns (D:10)
  34 yaks
  A steam dragon (D:8)
  The ghost of deremet the Chiller, an amateur MfIE of Elyvilon (D:5)
  4 vampire mosquitoes
  A warg (Orc:2)
  3 water moccasins
  A floating eye (Gauntlet)
  11 orc warriors
  3 black bears
  3 ogres
  A wolf (D:10)
  12 centaurs
  4 lemures (D:8)
  A kobold brigand (D:7)
  2 phantoms
  3 bullfrogs
  An elf zombie (Ossuary)
  3 scorpions
  4 spriggan skeletons (D:11)
  3 killer bees (D:7)
  A troll skeleton (D:11)
  2 howler monkeys (D:8)
  6 small abominations (Gauntlet)
  A centaur zombie (Ossuary)
  A hound (D:5)
  2 human zombies (Ossuary)
  A gnoll bouda (D:7)
  8 orc priests
  5 iguanas
  2 battlemagi
  A sleepcap (D:5)
  6 orc wizards
  3 mummies
  9 gnolls
  3 adders
  An ufetubus (D:5)
  2 adder zombies (Ossuary)
  A worm (D:4)
  2 dart slugs
  43 orcs
  3 ball pythons
  6 bats
  11 endoplasms
  11 goblins
  5 hobgoblins
  8 jackals
  9 kobolds
  4 quokkas
  6 frilled lizards
  A goblin zombie (Ossuary)
  14 hobgoblin zombies (Ossuary)
  9 kobold zombies (Ossuary)
  5 orc zombies (Ossuary)
  9 rats
  2 rat zombies (Ossuary)
317 creatures vanquished.

Vanquished Creatures (collateral kills)
  2 ettins (Orc:2)
  A large abomination (Gauntlet)
  An obsidian statue (Gauntlet)
  A shining eye (Gauntlet)
  4 cyclopes (Orc:2)
  2 trolls
  11 yaks
  A shadow (D:9)
  3 basilisks
  2 steam dragons
  3 vampire mosquitoes
  A warg (D:11)
  3 water moccasins
  12 orc warriors
  2 black bears
  4 wolves
  3 centaurs
  A gnoll sergeant (D:11)
  A spriggan skeleton (D:11)
  A killer bee (D:7)
  2 howler monkeys (D:8)
  4 orc priests (Orc:2)
  An iguana (Orc:1)
  9 orc wizards
  2 gnolls (D:11)
  A white imp (D:8)
  20 orcs
  A goblin (D:8)
  A frilled lizard (D:7)
100 creatures vanquished.

Vanquished Creatures (others)
  7 battlemagi
  3 ancestors
  146 foxfires
156 creatures vanquished.

Grand Total: 573 creatures vanquished

Notes
Turn   | Place    | Note
-------+----------+-------------------------------------------
     0 | D:1      | Gorgondantess the Tengu Fire Elementalist began the quest
                  | for the Orb.
     0 | D:1      | Reached XP level 1. HP: 10/10 MP: 4/4
    79 | D:1      | Reached XP level 2. HP: 15/15 MP: 3/6
    84 | D:1      | Learned a level 2 spell: Scorch
   233 | D:1      | Reached skill level 2 in Conjurations
   462 | D:1      | Reached XP level 3. HP: 19/19 MP: 5/7
   534 | D:1      | Found a faded altar of an unknown god.
  1840 | D:3      | Reached XP level 4. HP: 24/24 MP: 6/8
  2750 | D:4      | Noticed a phantom
  2760 | D:4      | Killed a phantom
  2761 | D:4      | Reached skill level 3 in Conjurations
  2761 | D:4      | Reached skill level 5 in Fire Magic
  2761 | D:4      | Gained mutation: Your magical nature lets you fly swiftly
                  | and evasively. [Tengu growth]
  2761 | D:4      | Reached XP level 5. HP: 25/28 MP: 1/10
  2865 | D:4      | Learned a level 3 spell: Call Canine Familiar
  3123 | D:4      | Found a sand-covered staircase.
  3159 | Ossuary  | Entered an ossuary
  3318 | Ossuary  | Reached skill level 1 in Summonings
  3341 | Ossuary  | Reached XP level 6. HP: 25/32 MP: 0/11
  3569 | Ossuary  | Reached skill level 4 in Conjurations
  4185 | D:5      | Entered Level 5 of the Dungeon
  4226 | D:4      | Reached XP level 7. HP: 13/36 MP: 8/13
  4466 | D:5      | Learned a level 3 spell: Mephitic Cloud
  4514 | D:5      | Reached skill level 1 in Air Magic
  4522 | D:5      | Found a staircase to the Ecumenical Temple.
  4537 | Temple   | Entered the Ecumenical Temple
  4623 | Temple   | Became a worshipper of Hepliaklqana the Forgotten
  4793 | D:5      | Found a runed translucent door.
  4876 | D:5      | Reached skill level 1 in Fighting
  4981 | D:5      | Noticed deremet's ghost (amateur MfIE)
  4992 | D:5      | Killed deremet's ghost
  4993 | D:5      | Reached skill level 1 in Armour
  4993 | D:5      | Reached skill level 5 in Conjurations
  4993 | D:5      | Reached XP level 8. HP: 43/43 MP: 1/14
  5742 | D:6      | Found a broken altar of Ashenzari.
  5817 | D:6      | Identified the +5 plate armour of Fun {rElec rF+ rCorr}
  6435 | D:7      | Noticed a yak
  6437 | D:7      | Noticed a yak
  6438 | D:7      | Noticed a yak
  6438 | D:7      | Noticed a yak
  6442 | D:7      | Noticed a yak
  6449 | D:7      | Killed a yak
  6451 | D:7      | Killed a yak
  6452 | D:7      | Reached skill level 6 in Conjurations
  6456 | D:7      | Killed a yak
  6457 | D:7      | Reached XP level 9. HP: 44/48 MP: 2/16
  6590 | D:7      | Reached * piety under Hepliaklqana
  6724 | D:7      | Found a sacrificial altar of Ru.
  6735 | D:7      | Reached skill level 5 in Summonings
  7150 | D:7      | Reached skill level 5 in Air Magic
  7257 | D:7      | Reached skill level 7 in Conjurations
  7382 | D:7      | Learned a level 4 spell: Flame Wave
  7698 | D:8      | Found a flagged portal.
  7781 | Bailey   | Entered a bailey
  7959 | Bailey   | Reached XP level 10. HP: 47/47 MP: 3/18
  8331 | Bailey   | Reached skill level 8 in Conjurations
  8358 | Bailey   | Reached skill level 5 in Spellcasting
  8486 | Bailey   | Identified the ring "Xexzaluq" {rF+ rC+ rN++ Int+2}
  8765 | D:8      | Noticed Pikel
  8778 | D:8      | Killed Pikel
  8779 | D:8      | Reached skill level 5 in Armour
  9163 | D:8      | Reached ** piety under Hepliaklqana
  9164 | D:8      | Remembered your ancestor Artakama as a battlemage
  9502 | D:9      | Found a blossoming altar of Fedhas.
  9616 | D:9      | Reached skill level 9 in Conjurations
  9721 | D:9      | Reached XP level 11. HP: 49/54 MP: 9/20
  9966 | D:9      | Found Kuytwuy's Distillery.
  9979 | D:9      | Reached skill level 5 in Dodging
  9980 | D:9      | Bought a potion of haste for 150 gold pieces
  9980 | D:9      | Bought a potion of invisibility for 120 gold pieces
  9980 | D:9      | Bought a potion of berserk rage for 75 gold pieces
 10257 | D:10     | Entered Level 10 of the Dungeon
 10356 | D:10     | Reached skill level 10 in Conjurations
 10529 | D:10     | Reached skill level 10 in Fire Magic
 10592 | D:10     | Found a staircase to the Lair.
 10601 | D:10     | Acquired the staff "Voysiod" {rElec Int+4 Stlth+ Tloc Air}
 10729 | D:10     | Found a snail-covered altar of Cheibriados.
 10735 | D:10     | Found a shimmering blue altar of Sif Muna.
 10738 | D:10     | Found a shimmering altar of Xom.
 10738 | D:10     | Found a hide-covered altar of Uskayaw.
 10742 | D:10     | Reached *** piety under Hepliaklqana
 10745 | D:10     | Found a stormy altar of Qazlal.
 11311 | D:11     | Reached skill level 1 in Invocations
 11411 | D:11     | Found a staircase to the Orcish Mines.
 11413 | D:11     | Noticed a two-headed ogre
 11423 | D:11     | Killed a two-headed ogre
 11424 | D:11     | Reached skill level 1 in Shields
 11424 | D:11     | Reached skill level 1 in Evocations
 11424 | D:11     | Reached XP level 12. HP: 60/60 MP: 7/22
 11536 | D:11     | Reached skill level 11 in Conjurations
 12433 | D:11     | Reached **** piety under Hepliaklqana
 12521 | Orc:1    | Entered Level 1 of the Orcish Mines
 12521 | Orc:1    | Found a runed translucent gate.
 12521 | Orc:1    | Found a runed translucent gate.
 12521 | Orc:1    | Found a runed translucent gate.
 12523 | Orc:1    | Noticed Ybuibof's ghost (journeyman DEHu)
 12837 | Orc:1    | Found a bloodstained altar of Trog.
 12990 | Orc:2    | Entered Level 2 of the Orcish Mines
 12990 | Orc:2    | Noticed an ettin
 12990 | Orc:2    | Found Liown's Book Shop.
 13008 | Orc:2    | Killed an ettin
 13159 | Orc:2    | Reached skill level 5 in Shields
 13160 | Orc:2    | Noticed an ettin
 13318 | Orc:2    | Killed an ettin
 13473 | Orc:2    | Found Heemmua's Antique Armour Shoppe.
 13473 | Orc:2    | Found a staircase to the Elven Halls.
 13600 | Orc:2    | Noticed an ettin
 13613 | Orc:2    | Killed an ettin
 13620 | Orc:2    | Noticed a stone giant
 13861 | Orc:2    | Killed a stone giant
 14210 | Orc:2    | Reached XP level 13. HP: 64/64 MP: 15/24
 14285 | Orc:2    | Found Wyniop's Antique Weapon Emporium.
 14304 | Orc:2    | Found Balaitso's General Store.
 14479 | Orc:2    | Bought a scroll of teleportation for 30 gold pieces
 14822 | Lair:1   | Entered Level 1 of the Lair of Beasts
 14927 | Lair:1   | Reached ***** piety under Hepliaklqana
 14949 | Lair:1   | Noticed Sonja
 14957 | Lair:1   | Killed Sonja
 14958 | Lair:1   | Reached skill level 12 in Conjurations
 14967 | Lair:1   | Found a gate leading to a gauntlet.
 15044 | Gauntlet | Entered a Gauntlet
 15044 | Gauntlet | Found a transporter.
 15044 | Gauntlet | Found a transporter.
 15050 | Gauntlet | Found a transporter.
 15053 | Gauntlet | Found a transporter.
 15056 | Gauntlet | Found a transporter.
 15108 | Gauntlet | Found a transporter.
 15108 | Gauntlet | Found a transporter.
 15214 | Gauntlet | Identified the ring "Ofoaq" {Drain rC+ Str+2 SInv}
 15419 | Gauntlet | Found a transporter.
 15419 | Gauntlet | Found a transporter.
 15422 | Gauntlet | Found a runed translucent door.
 15422 | Gauntlet | Identified the +0 cloak of Hairiness {Int+3}
 15439 | Gauntlet | Found a runed translucent door.
 15443 | Gauntlet | Found a transporter.
 15465 | Gauntlet | Found a transporter.
 15505 | Gauntlet | Found a transporter.
 15578 | Gauntlet | Found a transporter.
 15592 | Gauntlet | Found a transporter.
 15660 | Gauntlet | Noticed a minotaur
 15675 | Gauntlet | Slain by a minotaur

Illustrated notes

Levels and vault maps discovered:
D:1:      psy_arrival_whirlpool, layout_basic,
          hellmonk_ecumenical_altar_lost_god
D:2:      layout_basic
D:3:      minmay_angry_zag, layout_basic
D:4:      layout_gridville, gup_ossuary_entry_pyramid, serial_bayou,
          serial_bayou_shore_b, serial_bayou_pond_e, serial_bayou_lake_a,
          serial_bayou_pond_e, serial_bayou_ford_a, hangedman_glass_garden
D:5:      layout_rooms, minmay_temple_entry_tees, gammafunk_ghost_grave
D:6:      layout_basic, lemuel_round_altar
D:7:      layout_loops_ring, nicolae_ru_great_annihilating_truth, serial_glass,
          glass_columns_a, glass_columns_a, item_on_display_a, dk_vineyard_3
D:8:      layout_basic, enter_bailey_3, uniq_pikel
D:9:      layout_irregular_city, fedhas_ov_isle_minmay, serial_shops,
          nicolae_shop_stone
D:10:     layout_roguey, nicolae_overflow_hallway_of_the_gods,
          minmay_lair_entry_grove
D:11:     layout_gridville, orc_0_dummy, hangedman_tell_no_tales
Temple:   eino_temple_water
Lair:1:   layout_roguey, gammafunk_ghost_berserking_beasts,
          gauntlet_entry_generic, chequers_serial_rivers_room_b,
          nicolae_lair_lil_pond, grunt_megastairs_1, serial_bayou_shore_a,
          lemuel_fruit_tree, uniq_sonja
Orc:1:    layout_caves, gammafunk_ghost_necromancy, trog_butcher_becter
Orc:2:    grunt_orc_gardens, layout_diamond_mine, grunt_orc_garden,
          grunt_orc_garden, grunt_orc_garden, grunt_orc_garden
Gauntlet: gammafunk_gauntlet_mixed_choke_point
          [minmay_gauntlet_arena_77_terracotta_army,
          minmay_gauntlet_arena_77_radiant_squares,
          minmay_gauntlet_arena_77_braids, gammafunk_gauntlet_arena_hedges,
          minmay_gauntlet_arena_77_broken_ladder,
          minmay_gauntlet_arena_77_cramped,
          minmay_gauntlet_arena_77_tiled_triplets,
          nicolae_gauntlet_exit_dead_adventurers]

Skill      XL: |  1  2  3  4  5  6  7  8  9 10 11 12 13 |
---------------+----------------------------------------+-----
Conjurations   | 2 3 4 5 6 7 9 10 11 12 | 12.1
Fire Magic     | 4 5 6 7 9 10 11 | 11.3
Spellcasting   | 3 4 5 6 7 |  7.4
Summonings     | 1 3 4 5 6 7 8 9 |  9.2
Air Magic      | 2 4 5 7 8 9 |  9.8
Fighting       | 1 2 3 4 |  4.4
Armour         | 1 2 4 5 |  5.1
Dodging        | 3 4 5 |  5.6
Stealth        | 3 4 |  4.8
Invocations    | 1 3 |  3.0
Shields        | 1 7 8 |  8.7
Evocations     | 1 3 4 |  4.0

Action                     |  1- 3 |  4- 6 |  7- 9 | 10-12 | 13-15 || total
---------------------------+-------+-------+-------+-------+-------++-------
  Melee: Spear             |    30 |       |       |       |       ||    30
         Kick              |     5 |    24 |    58 |    58 |    12 ||   157
         Peck              |     2 |    14 |    31 |    40 |     7 ||    94
         Falchion          |     1 |   109 |   139 |    81 |     5 ||   335
         Punch             |       |     1 |     3 |     1 |       ||     5
         Staff             |       |       |       |    68 |    17 ||    85
   Cast: Foxfire           |    60 |     8 |     9 |     6 |       ||    83
         Scorch            |     2 |    37 |    65 |    78 |     3 ||   185
         Mephitic Cloud    |       |       |    18 |    54 |     7 ||    79
         Call Canine Famil |       |       |     1 |       |     1 ||     2
         Flame Wave        |       |       |       |    35 |    19 ||    54
 Invoke: Recall Ancestor   |       |       |       |     8 |     3 ||    11
         Ancestor Life: Ba |       |       |       |     1 |       ||     1
  Evoke: Wand              |       |       |       |     1 |     2 ||     3
    Use: Scroll            |       |     5 |     4 |     5 |     1 ||    15
         Potion            |       |       |       |       |     3 ||     3
   Stab: Sleeping          |     2 |     1 |     1 |       |       ||     4
         Distracted        |       |     1 |     1 |     1 |       ||     3
         Confused          |       |       |     6 |     9 |     2 ||    17
         Paralysed         |       |       |     1 |       |       ||     1
 Armour: Leather armour    |     3 |    23 |    12 |       |       ||    38
         Robe              |     1 |       |       |       |       ||     1
         Ring mail         |       |       |    35 |    24 |       ||    59
         Steam dragon scal |       |       |       |    13 |       ||    13
         Troll leather arm |       |       |       |    14 |    14 ||    28
  Dodge: Dodged            |    23 |   109 |   205 |   295 |    43 ||   675
  Block: Buckler           |       |       |       |    12 |    12 ||    24

Table legend: (Time is in decaauts)
 A = Elapsed time spent in this place.
 B = Non-inter-level travel time spent in this place.
 C = Inter-level travel time spent in this place.
 D = Time resting spent in this place.
 E = Time spent auto-exploring this place.
 F = Levels seen in this place.
 G = Mean time per level.
                   A        B        C        D        E       F      G
               +--------+--------+--------+--------+--------+-----+--------+
         Total |  15076 |  14510 |    566 |   1732 |   9078 |  18 |  837.6 |
       Dungeon |  10496 |  10030 |    466 |    625 |   7401 |  11 |  954.2 |
        Temple |    230 |    206 |     24 |      0 |    182 |   1 |  230.0 |
          Lair |    211 |    211 |      0 |     57 |      0 |   1 |  211.0 |
  Orcish Mines |   2077 |   2002 |     75 |    444 |   1066 |   2 | 1038.5 |
       Ossuary |    575 |    575 |      0 |      0 |    261 |   1 |  575.0 |
        Bailey |    881 |    881 |      0 |    394 |    166 |   1 |  881.0 |
      Gauntlet |    604 |    604 |      0 |    212 |      0 |   1 |  604.0 |
               +--------+--------+--------+--------+--------+-----+--------+

Top non-repeatable levels by time:
    D:11: 1462 daAuts
   Orc:2: 1329 daAuts
     D:7: 1272 daAuts
     D:4: 1040 daAuts
     D:3: 979 daAuts
     D:6: 968 daAuts
     D:1: 931 daAuts
     D:9: 911 daAuts
  Bailey: 881 daAuts
    D:10: 784 daAuts
     D:2: 781 daAuts
     D:8: 755 daAuts
   Orc:1: 748 daAuts
     D:5: 608 daAuts
Gauntlet: 604 daAuts
